2327 views
Uploaded 2024-03-05 17:25:37
Game version 1.36 (6115)
16:53 long 1on1 ladder game on (2)Hammerfall_S3
Saved by ET88
2327 views
Uploaded 2024-03-05 17:25:37
Game version 1.36 (6115)
16:53 long 1on1 ladder game on (2)Hammerfall_S3

30 units @ 4.5k
/ 0.6k
17 buildings @ 1.6k
/ 0.6k


| Scroll of Regeneration | 3 | 300 |
| Lesser Clarity Potion | 5 | 350 |
| Potion of Healing | 2 | 300 |
| Potion of Mana | 1 | 200 |
| Potion of Lesser Invulnerability | 1 | 150 |
| total: | 12 | 1300g |
| Peasant | 12 | 900 | / | 0 |
| Rifleman | 7 | 1435 | / | 210 |
| Footman | 5 | 675 | / | 0 |
| Knight | 6 | 1470 | / | 360 |
| total: | 30 | 4480g | / | 570w |
| Scout Tower | 4 | 120 | / | 80 |
| Arcane Tower | 3 | 210 | / | 150 |
| Guard Tower | 1 | 70 | / | 50 |
| Farm | 6 | 480 | / | 120 |
| Blacksmith | 1 | 140 | / | 60 |
| Barracks | 2 | 320 | / | 120 |
| Altar of Kings | 1 | 180 | / | 50 |
| Arcane Vault | 1 | 130 | / | 30 |
| Lumber Mill | 1 | 120 | / | 0 |
| Workshop | 1 | 140 | / | 140 |
| Keep | 1 | 320 | / | 210 |
| Castle | 1 | 360 | / | 210 |
| total: | 17 | 1630g | / | 600w |
| 0:02 | Peasant |
| 0:17 | Peasant |
| 0:18 | Peasant |
| 0:18 | Peasant |
| 0:36 | Farm |
| 0:39 | Peasant |
| 0:50 | Blacksmith |
| 1:04 | Barracks |
| 1:08 | Peasant |
| 1:14 | Altar of Kings |
| 1:27 | Peasant |
| 1:36 | Farm |
| 1:48 | Peasant |
| 1:50 | Scout Tower |
| 2:09 | Rifleman |
| 2:16 | Arcane Tower |
| 2:18 | Farm |
| 2:32 | Rifleman |
| 3:00 | Rifleman |
| 3:10 | Peasant |
| 3:10 | Peasant |
| 3:13 | Storm Bolt |
| 3:26 | Peasant |
| 3:26 | Peasant |
| 3:36 | Scout Tower |
| 3:41 | Rifleman |
| 3:55 | Keep |
| 4:05 | Arcane Tower |
| 4:13 | Farm |
| 4:19 | Footman |
| 4:33 | Footman |
| 4:53 | Arcane Vault |
| 5:12 | Scout Tower |
| 5:15 | Rifleman |
| 5:36 | Bash |
| 5:42 | Arcane Tower |
| 5:54 | Footman |
| 5:59 | Scroll of Regeneration |
| 6:01 | Lesser Clarity Potion |
| 6:22 | Farm |
| 6:42 | Farm |
| 7:15 | Castle |
| 7:25 | Lumber Mill |
| 7:31 | Storm Bolt |
| 7:39 | Holy Light |
| 7:42 | Scroll of Regeneration |
| 7:46 | Potion of Healing |
| 7:53 | Long Rifles |
| 8:10 | Black Gunpowder |
| 8:55 | Footman |
| 9:03 | Barracks |
| 9:12 | Footman |
| 9:20 | Lesser Clarity Potion |
| 9:20 | Lesser Clarity Potion |
| 9:36 | Knight |
| 9:57 | Knight |
| 10:16 | Knight |
| 10:31 | Scout Tower |
| 10:45 | Knight |
| 11:05 | Potion of Lesser Invulnerability |
| 11:07 | Devotion Aura |
| 11:14 | Animal War Training |
| 11:19 | Iron Forged Swords |
| 11:29 | Guard Tower |
| 12:01 | Rifleman |
| 12:40 | Knight |
| 13:10 | Potion of Healing |
| 13:11 | Lesser Clarity Potion |
| 13:14 | Iron Plating |
| 13:32 | Scroll of Regeneration |
| 13:35 | Lesser Clarity Potion |
| 13:54 | Potion of Mana |
| 14:26 | Workshop |
| 14:38 | Rifleman |
| 15:02 | Knight |
| 15:31 | Bash |
| 16:01 | Steel Forged Swords |
| 16:17 | Devotion Aura |
| Right click | 340 |
| Select | 218 |
| Select group | 202 |
| Misc. action | 110 |
| Build/train/purchase | 79 |
| Use ability | 44 |
| Assign group | 36 |
| Item give/drop | 4 |
| Remove unit | 2 |
26 units @ 4.5k
/ 0.6k
17 buildings @ 2.9k
/ 1.2k


| Lesser Clarity Potion | 7 | 490 |
| Healing Salve | 4 | 400 |
| Scroll of Speed | 2 | 100 |
| Potion of Healing | 3 | 450 |
| Scroll of Town Portal | 1 | 350 |
| Scroll of Healing | 1 | 250 |
| Potion of Lesser Invulnerability | 1 | 150 |
| Periapt of Vitality | 1 | 325 |
| total: | 20 | 2515g |
| Peon | 7 | 525 | / | 0 |
| Grunt | 7 | 1400 | / | 0 |
| Raider | 3 | 540 | / | 120 |
| Tauren | 2 | 560 | / | 160 |
| Kodo Beast | 2 | 510 | / | 120 |
| Troll Headhunter | 3 | 420 | / | 60 |
| Troll Berserker | 1 | 140 | / | 20 |
| Goblin Shredder | 1 | 375 | / | 100 |
| total: | 26 | 4470g | / | 580w |
| Altar of Storms | 1 | 180 | / | 50 |
| Orc Burrow | 8 | 1280 | / | 320 |
| Barracks | 1 | 180 | / | 50 |
| Voodoo Lounge | 1 | 130 | / | 30 |
| War Mill | 1 | 205 | / | 0 |
| Great Hall | 1 | 385 | / | 185 |
| Spirit Lodge | 1 | 150 | / | 150 |
| Beastiary | 2 | 290 | / | 280 |
| Tauren Totem | 1 | 135 | / | 155 |
| Stronghold | 1 | 315 | / | 190 |
| Fortress | 1 | 325 | / | 190 |
| total: | 17 | 2935g | / | 1220w |
| 0:03 | Peon |
| 0:03 | Peon |
| 0:05 | Altar of Storms |
| 0:12 | Orc Burrow |
| 0:17 | Peon |
| 0:36 | Barracks |
| 0:45 | Peon |
| 0:54 | Peon |
| 1:15 | Peon |
| 1:35 | Orc Burrow |
| 1:37 | Grunt |
| 1:54 | Peon |
| 2:05 | Feral Spirit |
| 2:26 | Grunt |
| 3:00 | Stronghold |
| 3:40 | Orc Burrow |
| 3:43 | Voodoo Lounge |
| 3:55 | Grunt |
| 4:17 | Grunt |
| 4:28 | Chain Lighting |
| 5:17 | Grunt |
| 5:33 | Lesser Clarity Potion |
| 5:33 | Healing Salve |
| 5:47 | Grunt |
| 5:54 | Healing Salve |
| 6:07 | Fortress |
| 6:22 | Lesser Clarity Potion |
| 6:23 | Scroll of Speed |
| 6:30 | Shockwave |
| 6:39 | Spirit Lodge |
| 6:40 | Beastiary |
| 6:57 | Orc Burrow |
| 7:20 | Feral Spirit |
| 7:32 | Tauren Totem |
| 7:35 | War Mill |
| 8:01 | Berserker Strength |
| 8:03 | Raider |
| 8:03 | Ensnare |
| 8:26 | Endurance Aura |
| 8:44 | Raider |
| 9:01 | Great Hall |
| 9:26 | Beastiary |
| 9:43 | Grunt |
| 9:51 | Potion of Healing |
| 9:52 | Lesser Clarity Potion |
| 9:55 | Healing Salve |
| 10:27 | Goblin Shredder |
| 10:36 | Chain Lighting |
| 10:57 | Lesser Clarity Potion |
| 11:02 | Lesser Clarity Potion |
| 11:02 | Potion of Healing |
| 11:26 | Tauren |
| 11:53 | Kodo Beast |
| 12:03 | Scroll of Speed |
| 12:11 | Pulverize |
| 12:30 | Shockwave |
| 13:16 | Kodo Beast |
| 13:18 | War Drums Damage Increase |
| 13:21 | Troll Headhunter |
| 13:22 | Troll Headhunter |
| 13:22 | Berserker Upgrade |
| 13:29 | Orc Burrow |
| 13:32 | Orc Burrow |
| 13:32 | Orc Burrow |
| 13:33 | Orc Burrow |
| 13:42 | Potion of Healing |
| 13:43 | Lesser Clarity Potion |
| 13:47 | Healing Salve |
| 13:54 | Scroll of Town Portal |
| 13:55 | Lesser Clarity Potion |
| 14:23 | Troll Headhunter |
| 14:29 | Potion of Lesser Invulnerability |
| 14:30 | Scroll of Healing |
| 14:51 | Troll Berserker |
| 15:06 | Periapt of Vitality |
| 15:21 | Raider |
| 15:46 | Tauren |
| Right click | 701 |
| Select group | 617 |
| Select | 268 |
| Assign group | 209 |
| Build/train/purchase | 89 |
| Use ability | 54 |
| Misc. action | 24 |
| Item give/drop | 2 |